 Dungeon Crawl Stone Soup version 0.30-a0-242-g7bf8e6d787 (webtiles) character file.

Game seed: 11097415310100243284

39 koil the Sneak (level 3, -10/16 HPs)
             Began as a Spriggan Enchanter on Oct 11, 2022.
             Mangled by an ogre
             ... wielding a +0 giant club
              (26 damage)
             ... on level 2 of the Dungeon.
             The game lasted 00:04:33 (1348 turns).

koil the Sneak (Spriggan Enchanter)                 Turns: 1348, Time: 00:04:33

Health: -10/16     AC:  2    Str:  4    XL:     3   Next: 28%
Magic:  15/17      EV: 18    Int: 16    God:
Gold:   87         SH:  0    Dex: 17    Spells: 6/8 levels left

rFire   . . .      SeeInvis +    a - +1 dagger
rCold   . . .      Faith    .    (no shield)
rNeg    . . .      Spirit   .    b - +0 robe
rPois   .          Reflect  .    (helmet restricted)
rElec   .          Harm     .    (no cloak)
rCorr   .          Rampage  .    (gloves unavailable)
Will    .....                    (boots unavailable)
Stlth   +++.......               (no amulet)
HPRegen 0.22/turn                f - ring of magical power
MPRegen 0.15/turn                (no ring)

@: very quick
A: very small, no large weapons, unfitting armour, see invisible, speed 3
a: no special abilities


You were on level 2 of the Dungeon.
You visited 1 branch of the dungeon, and saw 2 of its levels.

You collected 87 gold pieces.

Inventory:

Hand Weapons
 a - a +1 dagger (weapon)
 k - a +0 dagger of electrocution
Missiles
 h - 15 stones (quivered)
Armour
 b - a +0 robe (worn)
Jewellery
 f - a ring of magical power (left hand)
 i - a +6 ring of intelligence
Scrolls
 d - 2 scrolls of magic mapping {unknown}
 e - a scroll of brand weapon {unknown}
 g - a scroll of identify {unknown}
 l - a scroll of fear {unknown}
Potions
 c - 2 potions of invisibility
 j - a potion of curing {unknown}


   Skills:
 + Level 1.5 Short Blades
 + Level 3.0 Dodging
 + Level 5.3 Stealth
 + Level 3.1 Spellcasting
 + Level 4.0 Hexes


You had 6 spell levels left.
You knew the following spells:

 Your Spells              Type           Power      Damage    Failure   Level
a - Ensorcelled Hibernat  Hex/Ice        18%        N/A       12%         2

Your spell library contained the following spells:

 Spells                   Type           Power      Damage    Failure   Level
 Confusing Touch          Hex            15%        N/A       11%         3
 Tukima's Dance           Hex            15%        N/A       11%         3
 Dazzling Flash           Conj/Hex       18%        N/A       24%         3


Dungeon Overview and Level Annotations

Branches:
Dungeon (2/15)

Altars:

Shops:
D:2 =[


Innate Abilities, Weirdness & Mutations

You are very small and have problems with some larger weapons.
You are too small for most types of armour.
You have supernaturally acute eyesight. (SInv)
You cover ground extremely quickly. (Speed+++)


Message History

Aim: an ogre, wielding a +0 giant club (severely wounded, chance to affect: 43%)
The ogre resists with some effort.
Casting: Ensorcelled Hibernation (safe; 12% risk of failure)
Confirm with . or Enter, or press ? or * to list all spells.
Aiming: Ensorcelled Hibernation (safe; 12% risk of failure)
Press: ? - help, Shift-Dir - straight line, f/p - ogre
Aim: an ogre, wielding a +0 giant club (severely wounded, chance to affect: 43%)
The ogre resists with some effort.
Casting: Ensorcelled Hibernation (safe; 12% risk of failure)
Confirm with . or Enter, or press ? or * to list all spells.
Aiming: Ensorcelled Hibernation (safe; 12% risk of failure)
Press: ? - help, Shift-Dir - straight line, f/p - ogre
Aim: an ogre, wielding a +0 giant club (severely wounded, chance to affect: 43%)
You miscast Ensorcelled Hibernation.
You are very lightly contaminated with residual magic.
Nothing appears to happen.
There is an open door here.
Your magical contamination has completely faded away.
There is a stone staircase leading up here.
There is a stone staircase leading up here.
You climb upwards.
There is a stone staircase leading down here.
You start resting.
Magic restored.
There is a shaft here.
There is a stone staircase leading down here.
You climb downwards.
There is a stone staircase leading up here.
Casting: Ensorcelled Hibernation (safe; 12% risk of failure)
Confirm with . or Enter, or press ? or * to list all spells.
Aiming: Ensorcelled Hibernation (safe; 12% risk of failure)
Press: ? - help, Shift-Dir - straight line, f - ogre
Aim: an ogre, wielding a +0 giant club (moderately wounded, chance to affect: 43%)
The ogre looks drowsy...
The helpless ogre fails to defend itself.
You impale the ogre!!
The ogre is almost dead.
The ogre hits you with a +0 giant club!!
Ouch! That really hurt!
You die...

#. #.###.# #.# #.##..⌠.⌠#
#.# #......∩.# ##'##
#..###⌠.⌠# ##...##
#........# ##.....########
##.##.######..............
#.#...####.........####..
#.<......'.........'>[...
#.#...♣O@.........<####..
##.#..♣.♣..#........# #...
#....♣...♣.##.....#)# #.##
#...♣..∩..♣......##.# #.#
#....♣...♣..###+###.###.##
####..♣.♣..## #.# #...O...
#...♣...# #.# #####.##
##.###### ##.## #.#
#.########...## #.#


You could see an ogre.

Vanquished Creatures
  3 dart slugs (D:1)
  7 ball pythons (D:1)
  5 endoplasms
  2 giant cockroaches (D:1)
  2 goblins
  3 hobgoblins (D:1)
  4 kobolds
  2 frilled lizards (D:1)
  2 rats
30 creatures vanquished.

Notes
Turn   | Place    | Note
-------+----------+-------------------------------------------
     0 | D:1      | koil the Spriggan Enchanter began the quest for the Orb.
     0 | D:1      | Reached XP level 1. HP: 9/9 MP: 5/5
   133 | D:1      | Reached XP level 2. HP: 13/13 MP: 7/7
   136 | D:1      | Learned a level 2 spell: Ensorcelled Hibernation
   489 | D:1      | Reached skill level 5 in Stealth
   674 | D:1      | Reached XP level 3. HP: 16/16 MP: 8/8
   977 | D:2      | Found Ciapaut's Armour Shop.
   977 | D:2      | Found Xinuxek's Jewellery Emporium.
  1113 | D:2      | Noticed an ogre
  1348 | D:2      | Mangled by an ogre

Illustrated notes

Levels and vault maps discovered:
D:1:      tarquinn_simple_flora_water_d, layout_loops_ring,
          nicolae_concentric_dashed_squares_wild
D:2:      layout_loops_corners, serial_shops, nicolae_shop_waterfront,
          nicolae_shop_window_shopping, shop_fountains, nicolae_diamond_shop

Skill      XL: |  1  2  3 |
---------------+----------+-----
Spellcasting   | 3 |  3.1
Hexes          | 4 |  4.0
Stealth        | 5 |  5.3
Dodging        | 3 |  3.0
Short Blades   | |  1.5

Action                   || total
-------------------------++-------
Melee: Dagger            ||    86
       Punch             ||     1
 Cast: Ensorcelled Hiber ||    16
 Stab: Sleeping          ||    15
Armor: Robe              ||     2
Dodge: Dodged            ||    56

Table legend: (Time is in decaauts)
 A = Elapsed time spent in this place.
 B = Non-inter-level travel time spent in this place.
 C = Inter-level travel time spent in this place.
 D = Time resting spent in this place.
 E = Time spent auto-exploring this place.
 F = Levels seen in this place.
 G = Mean time per level.
                   A        B        C        D        E       F      G
               +--------+--------+--------+--------+--------+-----+--------+
         Total |    970 |    954 |     16 |    154 |    536 |   2 |  485.0 |
       Dungeon |    970 |    954 |     16 |    154 |    536 |   2 |  485.0 |
               +--------+--------+--------+--------+--------+-----+--------+

Top non-repeatable levels by time:
     D:1: 787 daAuts
     D:2: 182 daAuts
